 Dungeon Crawl Stone Soup version 0.29-a0-275-g389c0b56f3 (webtiles) character file.

Game seed: 13548656993298479575

688 enile the Skirmisher (level 7, -2/88 HPs)
             Began as a Barachi Wanderer on Mar 12, 2022.
             Was a Believer of the Shining One.
             Slain by a lemure (3 damage)
             ... led by Pikel
             ... on level 6 of the Dungeon.
             The game lasted 00:12:14 (3933 turns).

enile the Skirmisher (Barachi Wanderer)             Turns: 3933, Time: 00:12:15

Health: -2/88      AC: 23    Str: 20    XL:     7   Next: 63%
Magic:  10/10      EV:  2    Int:  9    God:    the Shining One [**....]
Gold:   172        SH: 14    Dex: 10    Spells: 6/6 levels left

rFire   . . .      SeeInvis .   (no weapon)
rCold   . . .      Faith    .   c - +2 buckler
rNeg    + . .      Spirit   .   (body armour currently unavailable)
rPois   +          Reflect  .   (helmet currently unavailable)
rElec   .          Harm     .   (cloak currently unavailable)
rCorr   .          Rampage  .   (gloves currently unavailable)
Will    .....      NoTele   +   (boots currently unavailable)
Stlth   ..........              w - amulet of magic regeneration
HPRegen 0.24/turn               (no ring)
MPRegen 0.52/turn               (no ring)

@: mighty, brilliant, divinely shielded, tree-form (expiring), silenced, glowing
A: stationary, stasis, torment immunity, boosted hp, (amphibious), (slowness 1),
(strong legs 1), +LOS
a: Renounce Religion


You were on level 6 of the Dungeon.
You worshipped the Shining One.
The Shining One was pleased with you.
You were a tree.
You visited 1 branch of the dungeon, and saw 6 of its levels.
You also visited: Sewer.

You collected 172 gold pieces.

Inventory:

Hand Weapons
 a - a +2 mace
 m - the +9 trident of the Whelk {elec, rF- rN+ Stlth+}
   (You found it on level 6 of the Dungeon)

   It occasionally discharges a powerful burst of electricity upon striking a
   foe.
   rF:        It makes you vulnerable to fire.
   rN:        It protects you from negative energy.
   Stlth:     It makes you more stealthy.
 t - a +1 short sword of electrocution
Armour
 b - a +0 chain mail
 c - a +2 buckler (worn)
 r - a +0 plate armour
 s - a scarf of invisibility (melded)
 v - the +2 robe "Titem" (melded) {-Cast Slay+6}
   (You found it on level 4 of the Dungeon)

   Slay:      It affects your accuracy & damage with ranged weapons and melee
   (+6).
   -Cast:     It prevents spellcasting.
Jewellery
 k - an amulet of reflection
 w - an amulet of magic regeneration (around neck)
Scrolls
 l - a scroll of magic mapping
 q - 4 scrolls of immolation
Potions
 e - 2 potions of attraction
 f - a potion of cancellation
 p - 2 potions of lignification
 u - 2 potions of flight


   Skills:
 + Level 6.4 Fighting
 - Level 2.1 Maces & Flails
 - Level 6.0 Armour
 - Level 3.0 Dodging
 - Level 3.0 Shields
 - Level 4.0 Invocations
 - Level 1.1 Evocations


You had 6 spell levels left.
You didn't know any spells.
Your spell library contained the following spells:

 Spells                   Type           Power      Damage    Failure   Level
 Beastly Appendage        Tmut           0%         N/A       47%         1
 Pain                     Necr           0%         1d4       47%         1
 Sting                    Tmut/Pois      0%         1d3       47%         1
 Corpse Rot               Necr/Air       0%         N/A       63%         2
 Poisonous Vapours        Pois/Air       0%         N/A       63%         2
 Static Discharge         Conj/Air       0%         N/A       63%         2
 Wereblood                Tmut           0%         N/A       63%         2
 Call Canine Familiar     Summ           0%         N/A       85%         3
 Ozocubu's Armour         Ice            0%         N/A       85%         3
 Portal Projectile        Hex/Tloc       0%         N/A       85%         3
 Spider Form              Tmut/Pois      0%         N/A       85%         3
 Dispel Undead            Necr           0%         3d6       99%         4
 Leda's Liquefaction      Hex/Erth       0%         N/A       99%         4
 Olgreb's Toxic Radiance  Pois           0%         N/A       99%         4
 Sticky Flame             Conj/Fire      0%         2d3       99%         4
 Agony                    Necr           0%         N/A       100%        5
 Excruciating Wounds      Necr           0%         N/A       100%        5
 Death Channel            Necr           0%         N/A       100%        6
 Ozocubu's Refrigeration  Ice            0%         4d5       100%        7


Dungeon Overview and Level Annotations

Branches:
Dungeon (6/15)              Sewer (visited)
 Temple: D:4-7

Altars:
Uskayaw
The Shining One

Portals:
Abyss: D:4

Annotations:
D:4 2 transporters, siradein's ghost, amateur MiHu
D:5 1 runed translucent door, Crazy Yiuf
D:6 Dowan; Duvessa; Pikel


Innate Abilities, Weirdness & Mutations

You are a tree.
Your roots penetrate the ground, keeping you stationary.
You cannot be teleported.
You are immune to unholy pain and torment.
Your maximum health is greatly increased.
Your equipment is partially melded.
((You are amphibious.))
((You cover ground slowly.))
((You can hop short distances.))
You have an extended range of vision and can be seen from far away.


Message History

The centaur hits you but does no damage.
The centaur kicks you but does no damage.
You block Pikel's attack. Dowan hits you but does no damage.
Duvessa zaps a wand.
The puff of flame hits you but does no damage.
The lemure hits you but does no damage. The centaur hits you.
* * * LOW HITPOINT WARNING * * *
You block the centaur's attack. The lemure hits you but does no damage.
Dowan gestures wildly while chanting.
Dowan blinks!
Pikel hits you but does no damage.
Okay, then.
You fail to use your ability.
Duvessa zaps a wand.
The puff of flame hits you but does no damage.
The centaur hits you.
* * * LOW HITPOINT WARNING * * *
You block the centaur's attack. Duvessa hits you but does no damage.
The lemure hits you but does no damage. x2; Pikel hits you but does no damage.
The +9 trident of the Whelk {elec, rF- rN+ Stlth+} stops crackling.
You are now empty-handed.
You drop the +9 trident of the Whelk {elec, rF- rN+ Stlth+}.
The centaur barely misses you. You block the centaur's attack.
Duvessa completely misses you. The lemure hits you but does no damage.
You block the centaur's attack.
The centaur kicks you but does no damage.
The lemure hits you but does no damage. You block Pikel's attack.
As you read the scroll of silence, it crumbles to dust.
A profound silence engulfs you.
Duvessa zaps a wand.
The puff of flame hits you but does no damage.
The centaur hits you but does no damage.
The centaur kicks you but does no damage.
You block Duvessa's attack. You block the lemure's attack.
The lemure hits you but does no damage. You block Pikel's attack.
m - the +9 trident of the Whelk {elec, rF- rN+ Stlth+} Your transformation is almost over.
You block the centaur's attack.
The centaur kicks you but does no damage.
Duvessa zaps a wand.
The puff of flame hits you. The Shining One protects you from harm!
The lemure hits you.
You die...

.... ... . ..# .#
##..###### ..#
#........#...
####..........
............#
.......ee...#
#......♣5..#
#..#...K5c.......
###..5##...#..
### #...# .##
###.. .. #.... #
....... . .....
.# #.. ......
#####.#...
.........# ...#
........
.###.#....
##...###


You could see Pikel, Duvessa (fast), 3 lemures, Dowan and a centaur.

Vanquished Creatures
  A steam dragon (D:6)
  Menkaure (D:5)
  A black bear (D:5)
  A lemure (D:6)
  A scorpion (D:4)
  A hound (D:5)
  4 iguanas
  An orc wizard (D:5)
  4 adders
  2 white imps
  3 worms
  A dart slug (D:1)
  10 orcs
  10 ball pythons
  6 bats
  4 endoplasms
  5 giant cockroaches
  9 goblins
  13 hobgoblins
  A quokka (D:4)
  15 frilled lizards
  5 kobolds
  5 rats
104 creatures vanquished.

Vanquished Creatures (others)
  A plant (D:2)
1 creature vanquished.

Grand Total: 105 creatures vanquished

Notes
Turn   | Place    | Note
-------+----------+-------------------------------------------
     0 | D:1      | enile the Barachi Wanderer began the quest for the Orb.
     0 | D:1      | enile set off with the following items: a +0 mace, a +0
                  | chain mail, a +0 buckler, a potion of curing
     0 | D:1      | Reached XP level 1. HP: 13/13 MP: 1/1
    16 | D:1      | Reached skill level 1 in Fighting
   125 | D:1      | Reached XP level 2. HP: 22/22 MP: 2/2
   132 | D:1      | Found a faded altar of an unknown god.
   147 | D:1      | Prayed at the altar of an unknown god.
   147 | D:1      | Became a worshipper of the Shining One
   147 | D:1      | Reached * piety under the Shining One
   670 | D:2      | Reached XP level 3. HP: 29/29 MP: 3/3
  1185 | D:2      | Reached XP level 4. HP: 37/37 MP: 4/4
  1435 | D:4      | Found a glowing drain.
  1710 | Sewer    | Entered a sewer
  2175 | D:4      | Reached XP level 5. HP: 42/42 MP: 6/6
  2187 | D:4      | Identified the +2 robe "Titem" {-Cast Slay+6}
  2201 | D:4      | Reached ** piety under the Shining One
  2616 | D:4      | Noticed a small abomination
  2618 | D:4      | Found a transporter.
  2618 | D:4      | Noticed a small abomination
  2620 | D:4      | Noticed siradein's ghost (amateur MiHu)
  2623 | D:4      | Noticed a kobold brigand
  2625 | D:4      | Found a one-way gate to the infinite horrors of the Abyss.
  2649 | D:4      | Found a transporter.
  2776 | D:5      | Entered Level 5 of the Dungeon
  2776 | D:5      | Noticed Menkaure
  2776 | D:5      | Noticed an ice beast
  3347 | D:5      | Killed Menkaure
  3348 | D:5      | Reached XP level 6. HP: 48/48 MP: 7/9
  3384 | D:5      | Reached skill level 1 in Dodging
  3595 | D:5      | Reached XP level 7. HP: 47/54 MP: 10/10
  3673 | D:5      | Reached skill level 5 in Fighting
  3743 | D:5      | Found a hide-covered altar of Uskayaw.
  3761 | D:5      | Found a runed translucent door.
  3762 | D:5      | Noticed Crazy Yiuf
  3862 | D:6      | Identified the +9 trident of the Whelk {elec, rF- rN+
                  | Stlth+}
  3910 | D:6      | HP: 2/56 [ogre/+0 giant spiked club (22)]
  3914 | D:6      | Noticed a steam dragon
  3918 | D:6      | Noticed Duvessa
  3918 | D:6      | Noticed Pikel
  3921 | D:6      | Noticed Dowan
  3925 | D:6      | HP: 4/84 [steam dragon (2)]
  3928 | D:6      | Killed a steam dragon
  3930 | D:6      | HP: 1/88 [centaur (2)]
  3933 | D:6      | The Shining One protects you from harm!
  3933 | D:6      | Slain by a lemure

Illustrated notes

Levels and vault maps discovered:
D:1:      ncdulo_watergridlock, layout_rooms, chequers_ecumenical_altar_simple
D:2:      layout_loops_ring, minmay_lizard_king
D:3:      layout_rooms, minmay_misc_feat_room
D:4:      layout_basic, gammafunk_ghost_abyssal_escape,
          cheibrodos_sewer_entry_drain, grunt_decor_mini_mirrors
D:5:      layout_cave_pods, lemuel_crystal_altar, kennysheep_mini_moat,
          st_stairs_12, uniq_crazy_yiuf_cottage, uniq_menkaure
D:6:      layout_rooms, mainiacjoe_overflow_paths,
          minmay_temple_entry_statues_fountains, enter_ossuary_4, uniq_duvessa,
          uniq_pikel

Skill      XL: |  1  2  3  4  5  6  7 |
---------------+----------------------+-----
Fighting       | 2 3 4 6 |  6.4
Shields        | 3 |  3.0
Invocations    | 2 4 |  4.0
Dodging        | 3 |  3.0
Maces & Flails | |  2.1
Armour         | |  6.0
Evocations     | |  1.1

Action                   |  1- 3 |  4- 6 |  7- 9 || total
-------------------------+-------+-------+-------++-------
Melee: Mace              |   134 |   134 |    10 ||   278
       Trident           |       |       |     8 ||     8
Throw: Javelin           |       |     6 |     9 ||    15
       Throwing net      |       |       |     1 ||     1
Invok: Divine Shield     |       |       |     1 ||     1
 Abil: Hop               |       |     3 |     2 ||     5
  Use: Scroll            |     1 |     8 |     5 ||    14
       Potion            |       |       |    11 ||    11
Armor: Chain mail        |    85 |       |       ||    85
       Plate armour      |    22 |    63 |       ||    85
       Robe              |       |     7 |     2 ||     9
       Skin              |       |       |    46 ||    46
Dodge: Dodged            |    40 |    38 |    17 ||    95
Block: Buckler           |    44 |    93 |    28 ||   165
       Reflection        |       |     2 |       ||     2

Table legend: (Time is in decaauts)
 A = Elapsed time spent in this place.
 B = Non-inter-level travel time spent in this place.
 C = Inter-level travel time spent in this place.
 D = Time resting spent in this place.
 E = Time spent auto-exploring this place.
 F = Levels seen in this place.
 G = Mean time per level.
                   A        B        C        D        E       F      G
               +--------+--------+--------+--------+--------+-----+--------+
         Total |   4458 |   4267 |    191 |    746 |   2498 |   7 |  636.9 |
       Dungeon |   3989 |   3798 |    191 |    746 |   2125 |   6 |  664.8 |
         Sewer |    469 |    469 |      0 |      0 |    373 |   1 |  469.0 |
               +--------+--------+--------+--------+--------+-----+--------+

Top non-repeatable levels by time:
     D:4: 1641 daAuts
     D:2: 753 daAuts
     D:1: 752 daAuts
     D:5: 589 daAuts
   Sewer: 469 daAuts
     D:3: 160 daAuts
     D:6: 91 daAuts
